Unix NetHack Version 3.7.0-59 Work-in-progress - last build May 16 2022 12:43:45 (a5643931ae982fe3d73c1e8fa12183825c7d6632,branch:master). Game began 2022-05-16 19:01:02, ended 2022-05-16 20:00:59. ang3l, lawful female dwarven Valkyrie # ------ ------ --------- ------.-- #-.f..| |....| #######........| #........| #|....| #......####### |.......| #|.......| #|....| #|....| ##........| #|.......| #|..(.| #|.....## |.......| ------ ###|.......| #|<...-# #------ # --|------ |(%..| # ---.----- #------# # ## # |.%!.|## ## # # ## # |%%(.-# ### # # # # |..%.| ## # ## # # |%...| ### # ###### ## ### ------ ------|-------# #--|----# ----|---- |............|# #-.@....# |.......| |............|# |...{.| |.......| |............|# |.f...| |.......| |............|# |.....| |.......| |............-# ------- |...>...| -------------- --------- Ang3l the Fighter St:3 Dx:14 Co:18 In:9 Wi:12 Ch:10 Lawful S:3146 Dlvl:7 $:0 HP:0(64) Pw:9(9) AC:0 Xp:7/699 T:6117 Burdened Latest messages: The water moccasin bites! Kuzia misses the water moccasin. You hit the water moccasin. Kuzia bites the water moccasin. The water moccasin is killed! Kuzia bites the water moccasin. The water moccasin misses kuzia. You kill the water moccasin! Kuzia bites the water moccasin. You hit the water moccasin. The water moccasin bites! The water moccasin bites! Kuzia bites the water moccasin. The water moccasin is killed! Kuzia misses the water moccasin. You hit the water moccasin. You hit the water moccasin! The water moccasin misses! Kuzia misses the water moccasin. Kuzia bites the water moccasin. The water moccasin misses kuzia. You miss the water moccasin. The water moccasin bites! Kuzia misses the water moccasin. You hit the water moccasin. You kill the water moccasin! Kuzia picks up a water moccasin corpse. Kuzia misses the water moccasin. Kuzia bites the water moccasin. There is a water moccasin corpse here; eat it? y Ecch - that must have been poisonous! Valkyrie, your life force is running out. You stop eating the water moccasin corpse. Kuzia bites the water moccasin. The water moccasin bites kuzia. Kuzia bites the water moccasin. The water moccasin is killed! There is a partly eaten water moccasin corpse here; eat it? y You resume your meal. Kuzia drops a water moccasin corpse. Kuzia picks up a water moccasin corpse. You finish eating the water moccasin corpse. There is a food ration here; eat it? q You have a little trouble lifting e - a food ration. You swap places with kuzia. Kuzia drops a water moccasin corpse. You see here a water moccasin corpse. There is a water moccasin corpse here; eat it? y Ecch - that must have been poisonous! You die... Major events: Turn 1: ang3l the lawful dwarven Valkyrie entered the dungeon 798: attained the rank of Skirmisher (level 3) 1912: entered the Gnomish Mines 4302: attained the rank of Fighter (level 6) 6117: killed by a poisonous corpse Inventory: Amulets ('"') P - an uncursed amulet of ESP Weapons (')') v - an uncursed +1 dagger b - an uncursed +0 dagger (at the ready) J - a blessed +0 elven dagger a - an uncursed thoroughly rusty +1 long sword (weapon in hand) Armor ('[') X - an uncursed +0 helm of telepathy (being worn) c - an uncursed +3 small shield (being worn) L - an uncursed +0 mummy wrapping u - an uncursed +0 elven mithril-coat (being worn) Comestibles ('%') g - an uncursed cram ration d - an uncursed food ration e - 3 uncursed food rations H - an uncursed fortune cookie R - an uncursed tin of szechuan newt meat A - an uncursed egg Scrolls ('?') o - an uncursed scroll of amnesia named 75 I - 2 uncursed scrolls of blank paper B - an uncursed scroll of charging named 113 D - an uncursed scroll of confuse monster named 38 C - an uncursed scroll of enchant armor named ea/rc U - a cursed scroll of enchant armor named ea/rc k - 3 uncursed scrolls of enchant weapon named ew G - 2 cursed scrolls of fire named 38 p - 2 uncursed scrolls of identify named identify q - an uncursed scroll of light named light s - a cursed scroll of light named light Q - an uncursed scroll of remove curse named ea, rc n - 2 uncursed scrolls of teleportation named 38 Potions ('!') h - an uncursed potion of blindness named 56 f - an uncursed potion of booze named 19 K - 2 uncursed potions of extra healing named 38 z - an uncursed potion of gain level named 113 V - an uncursed potion of monster detection named 56 m - an uncursed potion of sickness named 19 T - 2 uncursed potions of water Rings ('=') E - a cursed -1 ring of increase damage named 56 F - an uncursed ring of protection from shape changers named 38 Tools ('(') t - an uncursed skeleton key Ang3l the Valkyrie's attributes: Background: You were a Fighter, a level 7 dwarven Valkyrie. You were lawful, on a mission for Tyr who was opposed by Odin (neutral) and Loki (chaotic). You were in the Dungeons of Doom, on level 7. You entered the dungeon 6117 turns ago. There was a full moon in effect when your adventure ended. You had 699 experience points, 581 more were needed to attain level 8. Your score was 3146 before end-of-game adjustments. Basics: You had 0 out of 64 hit points. You had all 9 energy points (spell power). Your armor class was 0. Your wallet was empty. Autopickup was off. Final Characteristics: Your strength was 3 (peak:15, limit:18/100). Your dexterity was 14 (limit:20). Your constitution was 18 (limit:20). Your intelligence was 9 (limit:16). Your wisdom was 12 (limit:16). Your charisma was 10 (limit:16). Final Status: You were not hungry. You were burdened; movement was slightly slowed. You were wielding a long sword. You had basic skill with long sword and could have enhanced that. Final Attributes: You were piously aligned. You were cold resistant. You were telepathic. You had infravision. You were stealthy. You were guarded. You were fast. You were lucky. You are dead. Miscellaneous: You never encountered a bones level. Total elapsed playing time was 59 minutes and 56 seconds. Vanquished creatures: a small mimic 3 leprechauns a giant spider a dog a raven a gnome mummy 5 water moccasins a bugbear 2 rock piercers a rock mole a pony a red naga hatchling a gray ooze an elf zombie 2 straw golems a paper golem 2 giant ants 3 little dogs 2 floating eyes a homunculus 2 rothes 2 rabid rats a centipede a werejackal 2 iguanas 10 killer bees 3 acid blobs a coyote 3 hobbits 2 manes 3 large kobolds 4 hobgoblins 2 cave spiders a brown mold 2 yellow molds a red mold a gnome 9 garter snakes 2 gnome zombies 6 geckos 5 jackals a kobold 3 goblins 2 sewer rats 7 grid bugs 4 lichens 6 newts 118 creatures vanquished. No species were genocided or became extinct. Voluntary challenges: You were illiterate. You never engraved Elbereth. You never genocided any monsters. You never polymorphed an object. You used no wishes. Achievements: You entered a shop. You attained the rank of Skirmisher. You entered the Gnomish Mines. You attained the rank of Fighter. The Dungeons of Doom: levels 1 to 8 Level 1: A fountain. Level 2: A general store. Level 3: A fountain, a sink. Level 4: A fountain. Stairs down to The Gnomish Mines. Level 5: A fountain. Level 6: Level 7: <- You were here. A delicatessen, a fountain. Final resting place for you, killed by a poisonous corpse. Level 8: The Gnomish Mines: Level 5: Game over: ---------- / \ / REST \ / IN \ / PEACE \ / \ | ang3l | | 0 Au | | killed by a | | poisonous corpse | | | | | | 2022 | *| * * * | * _________)/\\_//(\/(/\)/\//\/|_)_______ Farvel ang3l the Valkyrie... You died in The Dungeons of Doom on dungeon level 7 with 3146 points, and 0 pieces of gold, after 6117 moves. You were level 7 with a maximum of 64 hit points when you died.